 Dungeon Crawl Stone Soup version 0.23.1 (webtiles) character file.

Game seed: 14066647905004685897

53 Monsterracer the Insei (level 3, 0/27 HPs)
             Began as a Merfolk Transmuter on Mar 1, 2019.
             Succumbed to an adder's poison
             ... on level 2 of the Dungeon.
             The game lasted 00:02:50 (2343 turns).

Monsterracer the Insei (Merfolk Transmuter)         Turns: 2343, Time: 00:02:51

Health: 0/27       AC:  2    Str: 10    XL:     3   Next: 87%
Magic:  6/6        EV: 18    Int: 10    God:
Gold:   77         SH:  0    Dex: 19    Spells: 0/6 levels left

rFire    . . .     SeeInvis .     - Unarmed
rCold    . . .     Gourm    .   (no shield)
rNeg     . . .     Faith    .   b - +0 robe
rPois    .         Spirit   .   (no helmet)
rElec    .         Reflect  .   (no cloak)
rCorr    .         Harm     .   (no gloves)
MR       .....                  (no boots)
Stlth    +++.......             (no amulet)
HPRegen  0.09/turn              e - -3 ring of intelligence (curse)
MPRegen  0.10/turn              (no ring)

@: agile, lethally poisoned (0 -> -7), appendage (expiring)
A: change form in water, swift swim, stealthy swim, horns 2
a: End Transformation


You were on level 2 of the Dungeon.
You were not hungry.
You had grown temporary horns.
You visited 1 branch of the dungeon, and saw 2 of its levels.

You collected 77 gold pieces.


Innate Abilities, Weirdness & Mutations

You revert to your normal form in water You are very nimble and swift while swimming.
You are very stealthy in the water. (Stealth+)
You have a pair of horns on your head.


   Skills:
 + Level 2.1 Fighting
 - Level 2.6 Dodging
 * Level 4.3 Unarmed Combat
 - Level 2.0 Spellcasting
 + Level 3.4 Transmutations


You couldn't memorise any spells.
You knew the following spells:

 Your Spells              Type           Power        Failure   Level  Hunger
b - Sticks to Snakes      Tmut           #.......     12%         2    ###....
c - Spider Form           Tmut/Pois      #.........   43%         3    ####...
j - Beastly Appendage     Tmut           #.....       8%          1    ##.....

Your spell library contained the following spells:

 Spells                   Type           Power        Failure   Level  Hunger
 Ice Form                 Ice/Tmut       #.......     83%         4    #####..
 Blade Hands              Tmut           #.........   91%         5    ######.

Inventory:

Missiles
 a - 10 arrows
Armour
 b - a +0 robe (worn)
Jewellery
 e - a cursed -3 ring of intelligence (left hand)
   (You found it on level 1 of the Dungeon)
Scrolls
 f - a scroll of identify
 i - a scroll of teleportation {unknown}
Potions
 d - 2 potions of lignification
 h - a potion of heal wounds {unknown}
Comestibles
 c - 3 rations

Dungeon Overview and Level Annotations

Branches:
Dungeon (2/15)

Altars:
Qazlal
Zin

#.####..###.#
#.####.)####.# #
......†.....#
#.####..#....####
.######.#####
#.##......#......
.# #.#
#.##.#..####<####
.# #.#
#.......####.# #
.# ...
#............# .#
...
#####...########
.# ...#
#..........#### ##
#...#
#.@............
#......(....... .
#................
##
#.##.#.......#....
## #.
#.#.#....##.... #.
# #.......## ###
#. ###...### #.
###.# ######. #.#
#......


There were no monsters in sight!


Message History

A frilled lizard is nearby!
The frilled lizard hisses angrily.
The frilled lizard closely misses you.
You closely miss the frilled lizard. The frilled lizard bites you.
You take 1 damage, and have 26/27 hp.
A frilled lizard is nearby!
You miss the frilled lizard.
The frilled lizard completely misses you.
You hit the frilled lizard.
You kill the frilled lizard!
You are feeling hungry.
You butcher the frilled lizard corpse.
j - a chunk of flesh You see here a frilled lizard skeleton. x2
Eating a chunk of flesh.
You eat the chunk of flesh.
This raw flesh tastes terrible.
c - 3 rations (gained 1)
You see here a frilled lizard skeleton.
A goblin comes into view.
Found an escape hatch in the floor.
Health restored: 27 The goblin shouts!
A goblin is nearby!
You barely miss the goblin. The goblin barely misses you.
You hit the goblin.
You kill the goblin!
There is an escape hatch in the floor here.
An adder comes into view.
The adder hisses angrily.
An adder is nearby!
An adder is nearby!
Casting: Sticks to Snakes (safe; 12% risk of failure)
Confirm with . or Enter, or press ? or * to list all spells.
You grow a pair of large bovine horns.
You now have 5/6 mp.
The adder closely misses you.
You barely miss the adder. The adder bites you.
You take 5 damage, and have 22/27 hp.
You barely miss the adder. The adder bites you.
You are poisoned.
The adder poisons you! The adder bites you.
You take 7 damage, and have 15/27 hp.
MASSIVE DAMAGE!!
You are too injured to fight recklessly!
You are too injured to fight recklessly!
You are too injured to fight recklessly!
You hit the adder.
The adder is lightly wounded.
You feel sick. The adder closely misses you.
You take 1 damage, and have 14/27 hp.
You miss the adder.
The adder is lightly wounded.
The adder barely misses you.
You hit the adder.
The adder is severely wounded.
The adder misses you.
You barely miss the adder.
The adder is severely wounded.
The adder barely misses you.
You closely miss the adder.
The adder is severely wounded.
You feel sick. The adder closely misses you. The adder bites you.
* * * LOW HITPOINT WARNING * * *
You are more poisoned.
The adder poisons you!
You closely miss the adder.
The adder is severely wounded.
The adder barely misses you.
You take 4 damage, and have 11/27 hp.
You miss the adder.
The adder is severely wounded.
You feel sick. The adder bites you.
* * * LOW HITPOINT WARNING * * *
You are lethally poisoned!
The adder poisons you!
You closely miss the adder. Your headbutt misses the adder.
The adder is severely wounded.
Your transformation is almost over.
* * * LOW HITPOINT WARNING * * *
You feel sick. The adder closely misses you.
You take 6 damage, and have 5/27 hp.
MASSIVE DAMAGE!!
MP restored: 6 You closely miss the adder.
The adder is severely wounded.
* * * LOW HITPOINT WARNING * * *
You feel sick. The adder misses you.
You take 1 damage, and have 4/27 hp.
Unknown command.
You feel agile all of a sudden.
* * * LOW HITPOINT WARNING * * *
You feel sick. The adder misses you. x2
You take 1 damage, and have 3/27 hp.
You barely miss the adder. You headbutt the adder.
You kill the adder!
* * * LOW HITPOINT WARNING * * *
You feel sick.
You take 1 damage, and have 2/27 hp.
* * * LOW HITPOINT WARNING * * *
You feel sick.
You take 1 damage, and have 1/27 hp.
You die...

Skill      XL: |  1  2  3 |
---------------+----------+-----
Transmutations | 3 |  3.4
Unarmed Combat | 4 |  4.3
Fighting       | 2 |  2.1
Dodging        | |  2.6
Spellcasting   | |  2.0

Action                   || total
-------------------------++-------
Melee: Unarmed           ||   119
       Headbutt          ||     6
       Punch             ||     1
 Cast: Beastly Appendage ||     6
       Sticks to Snakes  ||     2
  Use: Scroll            ||     2
       Potion            ||     1
  Eat: Chunk             ||     5
Armor: Robe              ||    12
Dodge: Dodged            ||    72

Levels and vault maps discovered:
D:1:      dpeg_arrival_triangle_fractal, layout_basic, hex_large,
          minmay_misc_feat_alley
D:2:      layout_loops_cross, nicolae_overflow_hidden_temple, first_ration,
          minivault_26

Notes
Turn   | Place    | Note
-------+----------+-------------------------------------------
     0 | D:1      | Monsterracer the Merfolk Transmuter began the quest for the
                  | Orb.
     0 | D:1      | Reached XP level 1. HP: 15/15 MP: 3/3
   140 | D:1      | Reached XP level 2. HP: 18/21 MP: 3/5
   147 | D:1      | HP: 8/21 [leopard gecko (4)]
   716 | D:1      | HP: 10/21 [jackal (1)]
   721 | D:1      | HP: 3/22 [jackal (2)]
   726 | D:1      | Learned a level 2 spell: Sticks to Snakes
  1271 | D:1      | Reached XP level 3. HP: 22/27 MP: 4/6
  1329 | D:1      | Reached skill level 4 in Unarmed Combat
  1494 | D:1      | HP: 12/27 [hobgoblin/+0 club (4)]
  1500 | D:1      | HP: 12/27 [hobgoblin/+0 club (1)]
  1511 | D:1      | Learned a level 3 spell: Spider Form
  1913 | D:2      | Found a glowing silver altar of Zin.
  1915 | D:2      | Found a stormy altar of Qazlal.
  2334 | D:2      | HP: 11/27 [adder (3)]
  2337 | D:2      | HP: 5/27 [poisoned by an adder]
  2341 | D:2      | HP: 2/27 [poisoned by an adder]
  2343 | D:2      | Succumbed to an adder's poison

Vanquished Creatures
  An adder (D:2)
  2 oozes (D:1 D:2)
  3 leopard geckos (D:1)
  A bat (D:2)
  3 hobgoblins (D:1 D:2)
  3 jackals (D:1)
  5 kobolds (D:1 D:2)
  A ball python (D:1)
  4 frilled lizards (D:1 D:2)
  6 goblins (D:1 D:2)
  A rat (D:2)
30 creatures vanquished.

Vanquished Creatures (collateral kills)
  A kobold (D:2)
1 creature vanquished.

Grand Total: 31 creatures vanquished

Table legend:
 A = Turns spent in this place as a percentage of turns spent in the entire game.
 B = Non-inter-level travel turns spent in this place as a percentage of non-inter-level travel turns spent in the entire game.
 C = Inter-level travel turns spent in this place as a percentage of turns spent in this place.
 D = Turns resting spent in this place as a percentage of non-inter-level travel turns spent in this place.
 E = Turns spent auto-exploring this place as a percentage of non-inter-level travel turns spent in this place.
 F = Non-inter-level travel turns spent in this place divided by the number of levels of this place that you've seen.
                   A       B       C       D       E      F
               +-------+-------+-------+-------+-------+----------------------
         Total | 100.0 | 100.0 |   1.0 |   6.1 |  82.3 | 1159.5
       Dungeon | 100.0 | 100.0 |   1.0 |   6.1 |  82.3 | 1159.5
               +-------+-------+-------+-------+-------+----------------------

Table legend:
 A = Non-vault XP
 B = Vault XP
 C = Vault XP percentage of total XP
 D = Non-vault monster count
 E = Vault monster count
 F = Vault count percentage of total count
                 A         B        C        D         E       F
            +---------+---------+-------+---------+---------+-------
      Total |      76 |       0 |   0.0 |      31 |       0 |   0.0
            +---------+---------+-------+---------+---------+-------
        D:1 |      42 |       0 |   0.0 |      20 |       0 |   0.0
        D:2 |      34 |       0 |   0.0 |      11 |       0 |   0.0
            +---------+---------+-------+---------+---------+-------
